 Dungeon Crawl Stone Soup version coffee-0.2.0 (webtiles) character file.

Game seed: 1719302146303565458, levelgen mode: deterministic

13440 Dorkslayer the Carver (level 12, -2/94 HPs)
             Began as a Human Fighter on Sept 19, 2020.
             Was an Elder of the Shining One.
             Slain by a yellow draconian monk (11 damage)
             ... on level 10 of the Dungeon on Sept 20, 2020.
             The game lasted 00:39:19 (9105 turns).

Dorkslayer the Carver (Human Fighter)               Turns: 9105, Time: 00:39:20

Health: -2/94      AC:  6    Str: 24    XL:     12   Next: 32%
Magic:  17/17      EV: 15    Int:  9    God:    the Shining One [****..]
Gold:   373        SH: 15    Dex: 17    Spells: 11/11 levels left

rFire    + . .     SeeInvis .   a - +0 long sword
rCold    + . .     Gourm    .   n - +2 kite shield
rNeg     + + .     Faith    .   g - +1 scale mail "Hudghox" {Str+3 Stlth+}
rPois    +         Spirit   .   z - +0 helmet
rElec    +         Reflect  .   s - +0 cloak
rCorr    +         Harm     .   v - +0 pair of gloves
MR       .....                  (no boots)
Stlth    ++........             (no amulet)
HPRegen  0.25/turn              F - +4 ring of dexterity
MPRegen  0.15/turn              r - ring of poison resistance

@: resistant, corroded, glowing
A: no striking features
a: Divine Shield, Cleansing Flame, Renounce Religion


You were on level 10 of the Dungeon.
You worshipped the Shining One.
The Shining One was greatly pleased with you.
You were not hungry.

You visited 2 branches of the dungeon, and saw 11 of its levels.

You collected 503 gold pieces.
You spent 130 gold pieces at shops.

Inventory:

Hand Weapons
 a - a +0 long sword (weapon)
Missiles
 k - 6 javelins (quivered)
 t - 11 boomerangs
 B - 8 curare-tipped darts
Armour
 g - the +1 scale mail "Hudghox" (worn) {Str+3 Stlth+}
   (You found it on level 1 of the Dungeon)

   It affects your strength (+3).
   It makes you more stealthy.
 n - a +2 kite shield (worn)
 s - a +0 cloak (worn)
 v - a +0 pair of gloves (worn)
 z - a +0 helmet (worn)
Jewellery
 q - an uncursed ring of protection from fire
 r - a ring of poison resistance (right hand)
 E - an uncursed ring of protection from cold
 F - a +4 ring of dexterity (left hand)
Wands
 j - a wand of disintegration (4)
 I - a wand of flame (39)
Scrolls
 b - 4 scrolls of blinking
 h - a scroll of brand weapon
 l - 3 scrolls of magic mapping
 m - 7 scrolls of teleportation
 o - 6 scrolls of remove curse
 p - 3 scrolls of fear
 u - 4 scrolls of enchant weapon
 w - a scroll of summoning
 x - a scroll of holy word
 y - a scroll of silence
 C - a scroll of immolation
 H - a scroll of enchant armour
Potions
 d - a potion of flight
 e - a potion of mutation
 i - a potion of curing
 A - 2 potions of ambrosia
 G - a potion of cancellation
 J - 3 potions of resistance
 K - a potion of berserk rage
Miscellaneous
 D - a phial of floods
Comestibles
 c - 3 chunks of flesh
 f - 20 rations


   Skills:
 + Level 8.8(10.9) Fighting
 + Level 10.2 Long Blades
 + Level 2.1 Throwing
 + Level 5.9(9.8) Armour
 + Level 3.4(9.1) Dodging
 - Level 0.5(9.5) Stealth
 + Level 7.5(10.4) Shields
 + Level 7.8(9.3) Invocations
 + Level 7.2(8.6) Evocations


You had 11 spell levels left.
You didn't know any spells.
Your spell library contained the following spells:

 Spells                   Type           Power        Failure   Level  Hunger
 Ensorcelled Hibernation  Hex/Ice        #.....       28%         2    ##.....
 Beastly Appendage        Tmut           #.....       56%         1    None
 Corona                   Hex            #......      56%         1    None
 Magic Dart               Conj           #...         56%         1    None
 Sandblast                Erth           #.....       56%         1    None
 Shock                    Conj/Air       #...         56%         1    None
 Summon Small Mammal      Summ           #...         56%         1    None
 Blink                    Tloc           N/A          71%         2    ##.....
 Call Imp                 Summ           #.......     71%         2    ##.....
 Passwall                 Tmut/Erth      #.......     71%         2    ##.....
 Slow                     Hex            #.......     71%         2    ##.....
 Sticks to Snakes         Tmut           #.......     71%         2    ##.....
 Swiftness                Chrm/Air       #.......     71%         2    ##.....
 Ice Form                 Ice/Tmut       #.......     88%         4    ####...
 Summon Ice Beast         Ice/Summ       #.......     88%         4    ####...
 Call Canine Familiar     Summ           #.......     91%         3    ###....
 Confusing Touch          Hex            #.......     91%         3    ###....
 Conjure Flame            Conj/Fire      #.......     91%         3    ###....
 Dazzling Flash           Conj/Hex       #.....       91%         3    ###....
 Inner Flame              Hex/Fire       #.......     91%         3    ###....
 Mephitic Cloud           Conj/Pois/Air  #.......     91%         3    ###....
 Portal Projectile        Hex/Tloc       #.....       91%         3    ###....
 Spider Form              Tmut/Pois      #.........   91%         3    ###....
 Static Discharge         Conj/Air       #.......     91%         3    ###....
 Stone Arrow              Conj/Erth      #.....       91%         3    ###....
 Summon Guardian Golem    Hex/Summ       #.......     91%         3    ###....
 Tukima's Dance           Hex            #.......     91%         3    ###....
 Airstrike                Air            #.........   100%        4    ####...
 Cause Fear               Hex            #.........   100%        4    ####...
 Leda's Liquefaction      Hex/Erth       #.........   100%        4    ####...
 Petrify                  Tmut/Erth      #.......     100%        4    ####...
 Summon Lightning Spire   Summ/Air       #.......     100%        4    ####...
 Blade Hands              Tmut           #.........   100%        5    ######.
 Lee's Rapid Deconstruct  Erth           #.........   100%        5    ######.
 Lightning Bolt           Conj/Air       #.........   100%        5    ######.


Dungeon Overview and Level Annotations

Branches:
Dungeon (10/10)            Temple (1/1) D:2
    Zot: D:10

Altars:
Ashenzari
Cheibriados
Dithmenos
Elyvilon
Fedhas
Gozag
Hepliaklqana
Kikubaaqudgha
Makhleb
Nemelex Xobeh
Okawaru
Qazlal
Ru
Sif Muna
Trog
Uskayaw
Vehumet
Wu Jian
Xom
Yredelemnul
Zin
The Shining One

Shops:
D:2 :   D:7 !   D:8 :


Message History

The red draconian shifter gestures wildly while chanting.
The yellow draconian monk blinks!
The yellow draconian monk hits you!
You block the yellow draconian monk's attack. x2
You hit the yellow draconian monk.
The yellow draconian monk is lightly wounded.
Your divine shield fades away.
You block the red draconian shifter's attack.
You hit the yellow draconian monk.
The yellow draconian monk is lightly wounded.
The yellow draconian monk throws acid at you.
The glob of acid hits you.
* * * LOW HITPOINT WARNING * * *
The acid corrodes you!
You are splashed with acid!
* * * LOW HITPOINT WARNING * * *
The red draconian shifter misses you.
You feel protected.
The yellow draconian monk throws acid at you.
You block the glob of acid. The yellow draconian monk hits you!
You die...

##.# ##### #...
.....###### #...
.###......## #...
.q.......#.# #...
#...#..# #...
####q..# #####...
#.q.# #####.......
#.@.####.........††
##...##............
#.#.##..#...8.....
#.#.##............
#.#.##.........#..
##...##.....#..##..
#...###.......####.
#...# #............
.### ####...#
#.....##....#


You could see a yellow draconian monk and a red draconian shifter.

Vanquished Creatures
  A centaur warrior (D:10)
  3 two-headed ogres
  Pikel (D:8)
  Maurice (D:8)
  A black draconian (D:10)
  A purple draconian (D:10)
  A green draconian (D:10)
  2 trolls (D:9)
  A hippogriff (D:7)
  A spriggan (D:8)
  A shadow (D:10)
  2 wraiths (D:10)
  A vampire (D:9)
  Eustachio (D:5)
  11 yaks
  A wyvern (D:10)
  A hungry ghost (D:9)
  A water moccasin (D:9)
  2 sky beasts
  4 slaves (D:7)
  An ice beast (D:10)
  4 orc warriors
  2 phantoms
  3 black bears
  An eye of draining (D:10)
  A necrophage (D:10)
  2 ogres
  4 centaurs
  3 big kobolds
  8 bullfrogs
  A wyvern skeleton (D:6)
  A scorpion (D:5)
  11 killer bees
  A wight (D:10)
  2 howler monkeys (D:7)
  4 bullfrog zombies
  2 crimson imps
  5 jellies
  A quasit (D:5)
  3 centaur zombies (D:10)
  3 orc priests
  7 hounds
  14 orc wizards
  Crazy Yiuf (D:5)
  2 centaur skeletons (D:5)
  3 bullfrog skeletons
  2 iguanas
  5 worker ants
  3 hound skeletons (D:5)
  2 mummies (D:10)
  A worker ant zombie (D:5)
  A howler monkey zombie (D:6)
  4 gnolls (D:3)
  2 adders
  A shadow imp (D:6)
  A white imp (D:4)
  An adder skeleton (D:4)
  A worm (D:4)
  2 dart slugs
  3 leopard geckos
  21 orcs
  A giant cockroach (D:2)
  11 goblins
  7 hobgoblins
  8 jackals
  4 quokkas (D:3)
  6 bats
  2 frilled lizards
  19 kobolds
  A quokka skeleton (D:4)
  2 rats
239 creatures vanquished.

Vanquished Creatures (collateral kills)
  A two-headed ogre (D:9)
  Menkaure (D:6)
  An ice beast (D:9)
3 creatures vanquished.

Vanquished Creatures (others)
  A withered plant (D:10)
1 creature vanquished.

Grand Total: 243 creatures vanquished

Notes
Turn   | Place    | Note
-------+----------+-------------------------------------------
     0 | D:1      | Dorkslayer the Human Fighter began the quest for the Orb.
     0 | D:1      | Reached XP level 1. HP: 18/18 MP: 1/1
    38 | D:1      | Got the cursed +1 scale mail "Hudghox" {Str+3 Stlth+}
   193 | D:1      | Reached XP level 2. HP: 19/24 MP: 2/2
   543 | D:2      | Reached XP level 3. HP: 29/29 MP: 3/3
   686 | D:2      | Found Ehyere's Book Boutique.
   758 | D:2      | Found a staircase to the Ecumenical Temple.
   766 | Temple   | Entered the Ecumenical Temple
   937 | D:2      | Found a glowing golden altar of the Shining One.
   944 | D:2      | Became a worshipper of the Shining One
  1106 | D:2      | Found a shadowy altar of Dithmenos.
  1126 | D:2      | Got the ring of Ohuoduwi {Ice *Contam Int+4 Dex+5 SInv}
  1432 | D:3      | Reached XP level 4. HP: 24/35 MP: 4/4
  1508 | D:3      | Reached skill level 1 in Evocations
  1509 | D:3      | Reached skill level 3 in Long Blades
  1509 | D:3      | Reached XP level 5. HP: 36/41 MP: 5/5
  2046 | D:4      | Reached skill level 1 in Invocations
  2046 | D:4      | Reached XP level 6. HP: 48/48 MP: 7/7
  2104 | D:4      | Reached * piety under the Shining One
  2292 | D:4      | Reached skill level 4 in Long Blades
  2389 | D:4      | Reached XP level 7. HP: 54/54 MP: 8/8
  2546 | D:4      | Reached skill level 1 in Dodging
  2626 | D:5      | Entered Level 5 of the Dungeon
  2659 | D:5      | Found an ancient bone altar of Kikubaaqudgha.
  2894 | D:5      | Reached skill level 5 in Long Blades
  2919 | D:5      | Found a runed translucent door.
  2920 | D:5      | Noticed Crazy Yiuf
  2925 | D:5      | Killed Crazy Yiuf
  3018 | D:5      | Reached XP level 8. HP: 58/60 MP: 10/10
  3169 | D:5      | Reached ** piety under the Shining One
  3172 | D:5      | Noticed Eustachio
  3182 | D:5      | Killed Eustachio
  3244 | D:5      | Found a shattered altar of Ashenzari.
  3465 | D:6      | Reached skill level 5 in Fighting
  3465 | D:6      | Reached skill level 6 in Long Blades
  3557 | D:6      | Found a sacrificial altar of Ru.
  3644 | D:6      | Noticed Menkaure
  3654 | D:6      | Killed Menkaure
  3654 | D:6      | Reached XP level 9. HP: 46/68 MP: 11/11
  4573 | D:7      | Reached skill level 7 in Long Blades
  4586 | D:7      | Noticed a hippogriff
  4601 | D:7      | Killed a hippogriff
  4824 | D:7      | Reached *** piety under the Shining One
  4837 | D:7      | Reached skill level 5 in Shields
  4853 | D:7      | Found Astareg's Distillery.
  4930 | D:7      | Bought a potion of heal wounds for 50 gold pieces
  4930 | D:7      | Bought a potion of cancellation for 80 gold pieces
  4968 | D:7      | Reached XP level 10. HP: 75/77 MP: 13/13
  4977 | D:7      | Found a glowing silver altar of Zin.
  5042 | D:7      | Found a stormy altar of Qazlal.
  5539 | D:8      | Reached skill level 5 in Invocations
  5553 | D:8      | Noticed Pikel
  5567 | D:8      | Killed Pikel
  5567 | D:8      | Reached skill level 8 in Long Blades
  5567 | D:8      | Reached skill level 5 in Evocations
  5788 | D:8      | Found Ygoor's Book Boutique.
  5825 | D:8      | Noticed a two-headed ogre
  5844 | D:8      | Killed a two-headed ogre
  5844 | D:8      | Reached skill level 5 in Armour
  6165 | D:8      | Noticed a two-headed ogre
  6178 | D:8      | Killed a two-headed ogre
  6530 | D:8      | Noticed Maurice
  6543 | D:8      | Killed Maurice
  6549 | D:8      | Reached XP level 11. HP: 80/85 MP: 15/15
  6883 | D:9      | Found a blossoming altar of Fedhas.
  6885 | D:9      | Noticed a two-headed ogre
  6904 | D:9      | The Shining One protects you from harm!
  6905 | D:9      | Killed a two-headed ogre
  6905 | D:9      | Reached skill level 9 in Long Blades
  7792 | D:9      | Reached skill level 1 in Throwing
  8196 | D:10     | Entered Level 10 of the Dungeon
  8577 | D:10     | Noticed a centaur warrior
  8589 | D:10     | Killed a centaur warrior
  8624 | D:10     | Reached XP level 12. HP: 55/94 MP: 17/17
  9021 | D:10     | Reached **** piety under the Shining One
  9044 | D:10     | Noticed a two-headed ogre
  9059 | D:10     | Reached skill level 10 in Long Blades
  9066 | D:10     | Killed a two-headed ogre
  9094 | D:10     | Noticed a yellow draconian monk
  9105 | D:10     | Slain by a yellow draconian monk

Levels and vault maps discovered:
D:1:      minmay_arrival_diagonal_passages, layout_rooms, minmay_misc_feat_chi,
          st_stairs_5
D:2:      layout_loops_ring, nicolae_dithmenos_shadow_blocks, tso_altar,
          minmay_temple_entry_statues_fountains, serial_shops, shop_fountains
D:3:      layout_basic, minivault_14
D:4:      layout_gridville, minivault_4, minmay_misc_feat_plants,
          minmay_fire_ice_demons
D:5:      kennysheep_six_static_rooms, layout_gridville,
          kiku_gazebo_pond_becter, lemuel_doored_altar, first_ration,
          uniq_crazy_yiuf_cottage, uniq_eustachio
D:6:      layout_basic, nicolae_ru_path_of_blood, uniq_menkaure
D:7:      layout_rooms, old_standard_altar, serial_shops,
          nicolae_shop_waterfront, basic_altar,
          minmay_a_box_with_orc_wizards_in_it
D:8:      layout_cave_pools, serial_shops, shop, the_bakery, minivault_27,
          uniq_pikel, uniq_maurice
D:9:      layout_gridville, fedhas_ov_isle_minmay
D:10:     evilmike_zot_entry_round, layout_cave_pools, serial_undead,
          serial_undead_d, serial_undead_e, serial_undead_c, serial_undead_c
Temple:   eino_temple_rhombus

Skill      XL: |  1  2  3  4  5  6  7  8  9 10 11 12 |
---------------+-------------------------------------+-----
Evocations     | 1 2 3 4 5 6 7 |  7.2
Long Blades    | 3 4 5 6 7 8 9 10 | 10.2
Invocations    | 1 2 3 4 6 7 |  7.8
Fighting       | 4 5 6 7 8 |  8.8
Dodging        | 1 2 3 |  3.4
Shields        | 4 5 7 |  7.5
Armour         | 4 5 |  5.9
Throwing       | 1 2 |  2.1
Stealth        | |  0.5

Action                   |  1- 3 |  4- 6 |  7- 9 | 10-12 || total
-------------------------+-------+-------+-------+-------++-------
Melee: Long sword        |    87 |    89 |   271 |   525 ||   972
Throw: Javelin           |     1 |     5 |     4 |    33 ||    43
       Dart              |       |       |       |     9 ||     9
Invok: Divine Shield     |       |       |     1 |     7 ||     8
Evoke: Wand              |       |     1 |     2 |     9 ||    12
       Phial of floods   |       |       |     1 |     1 ||     2
  Use: Scroll            |       |       |     1 |     1 ||     2
       Potion            |       |       |     5 |     4 ||     9
 Stab: Sleeping          |     2 |       |       |       ||     2
  Eat: Chunk             |     2 |     3 |     5 |    12 ||    22
       Ration            |       |       |     1 |     1 ||     2
Armor: Scale mail        |    42 |    36 |    93 |   126 ||   297
Dodge: Dodged            |    26 |    37 |   137 |   251 ||   451
Block: Kite shield       |    48 |    38 |   160 |   423 ||   669
       Rpst.: Long sword |     4 |     6 |    32 |    62 ||   104
